 Dungeon Crawl Stone Soup version 0.26.1-11-gd32895ea62 (webtiles) character file.

Game seed: 8476795470724234725

116 Zeld the Chopper (level 4, -9/58 HPs)
             Began as a Minotaur Berserker on May 25, 2021.
             Was a Believer of Trog.
             Mangled by an orc priest
             ... wielding a +0 war axe of distortion
              (17 damage)
             ... on level 3 of the Dungeon.
             The game lasted 00:02:45 (4225 turns).

Zeld the Chopper (Minotaur Berserker)               Turns: 4225, Time: 00:02:45

Health: -9/58      AC:  0    Str: 22    XL:     4   Next: 70%
Magic:  3/3        EV: 12    Int:  4    God:    Trog [**....]
Gold:   152        SH:  0    Dex: 10    Spells: 3/3 levels left

rFire    . . .     SeeInvis .   a - +0 hand axe
rCold    . . .     Faith    .   (no shield)
rNeg     . . .     Spirit   .   (no armour)
rPois    .         Reflect  .   (helmet restricted)
rElec    .         Harm     .   (no cloak)
rCorr    .         Rampage  .   (no gloves)
Will     .....                  (no boots)
Stlth    ..........             (no amulet)
HPRegen  0.19/turn              (no ring)
MPRegen  0.08/turn              (no ring)

@: berserking, very quick
A: retaliatory headbutt, horns 2
a: Renounce Religion, Berserk, Trog's Hand


You were on level 3 of the Dungeon.
You worshipped Trog.
Trog was pleased with you.
You visited 1 branch of the dungeon, and saw 4 of its levels.

You collected 152 gold pieces.

Inventory:

Hand Weapons
 a - a +0 hand axe (weapon)
Jewellery
 g - an uncursed ring of poison resistance {unknown}
 o - a +6 ring of intelligence {unknown}
 s - a +4 ring of slaying {unknown}
Wands
 n - a wand of paralysis (3)
Scrolls
 i - a scroll of identify {unknown}
 j - a scroll of magic mapping {unknown}
 k - 3 scrolls of blinking {unknown}
 l - 4 scrolls of remove curse {unknown}
 m - a scroll of teleportation {unknown}
 r - a scroll of enchant armour {unknown}
Potions
 b - 2 potions of might {unknown}
 c - 2 potions of curing {unknown}
 d - a potion of mutation {unknown}
 e - a potion of experience {unknown}
 f - a potion of flight {unknown}
 h - a potion of brilliance {unknown}
 p - 3 potions of lignification {unknown}
 q - a potion of cancellation {unknown}


   Skills:
 - Level 3.6 Fighting
 * Level 6.6 Axes
 - Level 2.4 Armour
 - Level 2.1 Dodging


You had 3 spell levels left.
You didn't know any spells.
Your spell library was empty.

Dungeon Overview and Level Annotations

Branches:
Dungeon (4/15)
 Temple: D:4-7

Altars:
Ashenzari


Innate Abilities, Weirdness & Mutations

You reflexively headbutt those who attack you in melee.
You have a pair of horns on your head.


Message History

The orc wizard is almost dead.
The orc wizard hits you with a +0 dagger.
The orc wizard points at itself and mumbles some strange words.
The orc wizard flickers and vanishes!
Deactivating autopickup; reactivate with Ctrl-A.
There is a stone staircase leading up here.
The orc priest hits you with a +0 war axe of distortion.
Space bends around you!
* * * LOW HITPOINT WARNING * * *
You climb upwards.
Reactivating autopickup.
There is a stone staircase leading down here.
A red film seems to cover your vision as you go berserk!
You feel yourself moving faster!
You feel mighty!
The orc priest hits you but does no damage.
You barely miss the orc priest.
The orc priest hits you with a +0 war axe of distortion.
* * * LOW HITPOINT WARNING * * *
Space warps horribly around you!
You die...

#......# #........####
#.#.##.# #............
#.#....# ##########..#
#.###..###### #.......
#......)[...###.###...
#......#)..........##.
##.##.##.##.###.##....
#.##....##.# #.#####.
#.##@##.##.# #.#####.
#.##o##.##.# #.......
#..........# ########
############


You could see an orc priest.

Vanquished Creatures
  An orc wizard (D:3)
  2 adders
  A worm (D:2)
  A dart slug (D:1)
  A leopard gecko (D:3)
  3 orcs (D:3)
  10 bats
  3 giant cockroaches
  7 goblins
  3 hobgoblins
  10 jackals
  A quokka (D:3)
  3 frilled lizards
  7 kobolds
  4 rats
57 creatures vanquished.

Notes
Turn   | Place    | Note
-------+----------+-------------------------------------------
     0 | D:1      | Zeld the Minotaur Berserker began the quest for the Orb.
     0 | D:1      | Reached XP level 1. HP: 19/19 MP: 0/0
    71 | D:1      | Reached skill level 4 in Axes
   424 | D:1      | Reached XP level 2. HP: 22/26 MP: 1/1
  1238 | D:2      | Reached skill level 5 in Axes
  1245 | D:2      | Reached XP level 3. HP: 22/31 MP: 2/2
  2111 | D:2      | Reached ** piety under Trog
  2467 | D:3      | Reached skill level 6 in Axes
  2467 | D:3      | Reached XP level 4. HP: 34/39 MP: 3/3
  3361 | D:3      | Found a broken altar of Ashenzari.
  4225 | D:3      | Mangled by an orc priest

Illustrated notes

Levels and vault maps discovered:
D:1:      ebering_trefoil_twist, layout_basic
D:2:      layout_loops_ring
D:3:      mumra_celtic_spiral_tile, layout_loops_cross, evilmike_ruin_ashenzari
D:4:      layout_loops_cross, serial_shops, shop, doesnt_xom_only_xom,
          uniq_edmund

Skill      XL: |  1  2  3 |
---------------+----------+-----
Axes           | 4 5 6 |  6.6
Fighting       | |  3.6
Armour         | |  2.4
Dodging        | |  2.1

Action                   |  1- 3 |  4- 6 || total
-------------------------+-------+-------++-------
Melee: Hand axe          |    80 |    44 ||   124
       Headbutt          |    12 |     6 ||    18
Invok: Berserk           |       |     1 ||     1
 Stab: Sleeping          |     1 |       ||     1
Dodge: Dodged            |    61 |    21 ||    82
